 Dungeon Crawl Stone Soup version 0.31-a0-618-g7ca08c1ff9 (webtiles) character file.

Game seed: 4483633902634880132

1759 Glub the Basher (level 8, -3/55 (70) HPs)
             Began as a Minotaur Berserker on Aug 22, 2023.
             Was a Priest of Trog.
             Killed by divine providence
             ... invoked by Jeremiah
              (14 damage)
             ... on level 7 of the Dungeon.
             The game lasted 00:15:01 (4768 turns).

Glub the Basher (Minotaur Berserker)                Turns: 4768, Time: 00:15:02

HP:   -3/55 (70)    AC: 13    Str: 24    XL:     8   Next: 79%
MP:   0/7           EV:  9    Int:  7    God:    Trog [***...]
Gold: 274           SH:  0    Dex: 10    Spells: 7/7 levels left

rFire   . . .        A - +3 flail (heavy)
rCold   . . .        (no shield)
rNeg    . . .        B - +2 chain mail {rPois}
rPois   +            e - +0 hat {Int+3}
rElec   .            v - +0 cloak
rCorr   +            (no gloves)
SInv    +            (no boots)
Will    ++...        h - amulet of guardian spirit Stlth
                     j - ring of see invisible
HPRegen 1.29/turn    u - ring of resist corrosion
MPRegen 0.10/turn

%: guardian spirit
@: strong-willed, on berserk cooldown, regenerating, slowed, heavily drained,
very slow
A: horns 2, retaliatory headbutt
a: Renounce Religion, Berserk, Trog's Hand


You were on level 7 of the Dungeon.
You worshipped Trog.
Trog was most pleased with you.
You visited 1 branch of the dungeon, and saw 7 of its levels.

You collected 274 gold pieces.

Inventory:

Hand Weapons
 a - a +0 hand axe
 A - a +3 heavy flail (weapon)
 J - a +4 quarterstaff of chaos
Missiles
 s - 4 javelins (quivered)
 E - 2 poisoned darts
Armour
 e - a +0 hat of intelligence (worn)
 v - a +0 cloak (worn)
 z - the +4 robe of Augmentation {Str+4 Int+4 Dex+4}
   (You found it on level 4 of the Dungeon)

   Str+4:     It affects your strength (+4).
   Int+4:     It affects your intelligence (+4).
   Dex+4:     It affects your dexterity (+4).
 B - a +2 chain mail of poison resistance (worn)
Jewellery
 h - an amulet of guardian spirit (around neck)
 j - a ring of see invisible (left hand)
 q - a ring of positive energy
 u - a ring of resist corrosion (right hand)
 y - a ring of flight
Wands
 d - a wand of quicksilver (24)
 w - a wand of charming (15)
Scrolls
 b - a scroll of noise {unknown}
 c - 4 scrolls of identify {unknown}
 g - 2 scrolls of vulnerability {unknown}
 i - 3 scrolls of immolation {unknown}
 k - 3 scrolls of teleportation {unknown}
 l - a scroll of amnesia {unknown}
 n - a scroll of fog {unknown}
 r - a scroll of blinking {unknown}
 C - 2 scrolls of enchant armour {unknown}
 F - a scroll of torment {unknown}
 G - a scroll of enchant weapon {unknown}
 I - a scroll of poison {unknown}
Potions
 f - a potion of degeneration {unknown}
 m - a potion of brilliance {unknown}
 o - 2 potions of curing
 p - a potion of lignification {unknown}
 t - a potion of haste {unknown}
 x - a potion of attraction {unknown}
 D - 2 potions of magic {unknown}
 H - a potion of heal wounds {unknown}


   Skills:
 - Level 6.0 Fighting
 - Level 7.0(9.2) Axes
 - Level 9.1(10.3) Maces & Flails
 + Level 2.3(6.2) Staves
 - Level 5.1 Armour
 - Level 3.6 Dodging
 - Level 0.3 Stealth


You had 7 spell levels left.
You didn't know any spells.
Your spell library was empty.

Dungeon Overview and Level Annotations

Branches:
Dungeon (7/15)
 Temple: D:4-7

Altars:
Qazlal
Ru
The Shining One

Shops:
D:4 *

Annotations:
D:6 3 runed translucent doors, Fodor's ghost, novice MiFi
D:7 Jeremiah


Innate Abilities, Weirdness & Mutations

You have a pair of horns on your head.
You reflexively headbutt those who attack you in melee.


Message History

You closely miss the butterfly. Jeremiah completely misses you.
Jeremiah hits you with a +4 trident of draining.
You feel drained.
You barely miss Jeremiah. You headbutt Jeremiah.
Jeremiah is lightly wounded.
Jeremiah hits you with a +4 trident of draining.
You feel drained.
You sock Jeremiah! You headbutt Jeremiah!
Jeremiah is heavily wounded.
The butterfly disappears in a burst of colours!
Jeremiah hits you with a +4 trident of draining!
You feel drained.
Jeremiah hits you with a +4 trident of draining!
* * * LOW HITPOINT WARNING * * *
You feel drained.
* * * LOW HITPOINT WARNING * * *
A red film seems to cover your vision as you go berserk!
You feel yourself moving faster!
You feel mighty!
The butterfly disappears in a burst of colours! x2
Jeremiah barely misses you.
You closely miss Jeremiah. You headbutt Jeremiah!
Jeremiah is severely wounded.
The butterfly disappears in a burst of colours!
Jeremiah hops!
You feel a strong urge to attack something.
The butterfly disappears in a burst of colours! x2
You feel your anger nearly subside.
Jeremiah hops!
You are no longer berserk.
You are exhausted.
You feel yourself slow down.
Jeremiah hops!
Your skin crawls.
You feel strong-willed.
The butterfly disappears in a burst of colours! x3
Found a stone staircase leading up.
The butterfly disappears in a burst of colours!
Jeremiah lets out a twisted cry.
Something smites you!
You die...
Jeremiah asks, "Is it over?
Can I wake up now?"

.... ##...##..## #
.b.###...####..#
#..#....#.##..## ###
#....#..#..#.#
#..###..b.#..#..#.###
##.......bb..##..#...#
#.....##..b...#...##.###
.......b..bF....#.##.##.
.......@b.bb.#..#.##....
<...#....bbb.##........#
.## #...b°b†............
#...................#.
.......................
#####.#############.###
#. #.# #. #.# #.#


You could see Jeremiah.

Vanquished Creatures
  Grinder (D:5)
  Edmund (D:4)
  2 ice beasts (D:6)
  A sky beast (D:7)
  A black bear (D:5)
  A centaur (D:6)
  An ogre (D:6)
  A phantom (D:5)
  4 scorpions
  2 hounds
  A gnoll bouda (D:6)
  An orc priest (D:3)
  Crazy Yiuf (D:7)
  A jelly (D:5)
  Jessica (D:2)
  Ijyb (D:3)
  4 iguanas
  An orc wizard (D:4)
  Robin (D:2)
  10 adders
  3 gnolls (D:6)
  A white imp (D:6)
  An ufetubus (D:6)
  2 worms
  3 dart slugs
  14 orcs
  6 endoplasms
  4 giant cockroaches
  18 goblins
  7 hobgoblins
  3 jackals (D:5)
  2 quokkas
  10 ball pythons
  5 bats
  2 frilled lizards (D:2)
  5 kobolds
  4 rats
127 creatures vanquished.

Vanquished Creatures (others)
  A goblin (D:3)
1 creature vanquished.

Grand Total: 128 creatures vanquished

Notes
Turn   | Place    | Note
-------+----------+-------------------------------------------
     0 | D:1      | Glub the Minotaur Berserker began the quest for the Orb.
     0 | D:1      | Reached XP level 1. HP: 19/19 MP: 0/0
    46 | D:1      | Found a faded altar of an unknown god.
   224 | D:1      | Reached XP level 2. HP: 18/27 MP: 1/1
   634 | D:2      | Noticed Jessica
   636 | D:2      | Killed Jessica
   637 | D:2      | Reached XP level 3. HP: 29/34 MP: 2/2
   725 | D:2      | Noticed Robin
   731 | D:2      | Killed Robin
   732 | D:2      | Reached XP level 4. HP: 37/41 MP: 3/3
   732 | D:2      | Reached ** piety under Trog
  1426 | D:2      | Reached skill level 5 in Axes
  1716 | D:3      | Reached XP level 5. HP: 16/47 MP: 1/4
  2067 | D:3      | Noticed Ijyb
  2086 | D:3      | Killed Ijyb
  2501 | D:4      | Reached *** piety under Trog
  2668 | D:4      | Reached XP level 6. HP: 55/55 MP: 5/5
  2756 | D:4      | Found the +4 robe of Augmentation {Str+4 Int+4 Dex+4}
  2764 | D:4      | Found Azuor's Overcharged Wands.
  2966 | D:4      | Noticed Edmund
  2984 | D:4      | Killed Edmund
  2985 | D:4      | Reached skill level 5 in Fighting
  3206 | D:5      | Entered Level 5 of the Dungeon
  3319 | D:5      | Reached XP level 7. HP: 60/61 MP: 6/6
  3362 | D:5      | Found a glowing golden altar of the Shining One.
  3375 | D:5      | Reached skill level 1 in Maces & Flails
  3471 | D:5      | Reached skill level 2 in Maces & Flails
  3471 | D:5      | Reached skill level 5 in Armour
  3561 | D:5      | Noticed Grinder
  3565 | D:5      | Paralysed by Grinder for 5 turns
  3572 | D:5      | Killed Grinder
  3573 | D:5      | Reached skill level 4 in Maces & Flails
  3631 | D:5      | Reached skill level 5 in Maces & Flails
  3631 | D:5      | Reached XP level 8. HP: 69/70 MP: 7/7
  3852 | D:6      | Found a runed translucent gate.
  3852 | D:6      | Noticed Fodor's ghost (novice MiFi)
  3853 | D:6      | Found a runed translucent gate.
  3853 | D:6      | Found a runed translucent gate.
  3886 | D:6      | Found a stormy altar of Qazlal.
  3937 | D:6      | Reached skill level 6 in Maces & Flails
  3981 | D:6      | Reached skill level 7 in Maces & Flails
  4085 | D:6      | Reached skill level 8 in Maces & Flails
  4151 | D:6      | Found a sacrificial altar of Ru.
  4225 | D:6      | Reached **** piety under Trog
  4462 | D:7      | Reached skill level 9 in Maces & Flails
  4558 | D:7      | Found a runed translucent door.
  4559 | D:7      | Noticed Crazy Yiuf
  4565 | D:7      | Killed Crazy Yiuf
  4611 | D:7      | Noticed Jeremiah
  4768 | D:7      | Killed from afar by Jeremiah

Illustrated notes

Levels and vault maps discovered:
D:1:      minmay_arrival_hallway, layout_basic,
          ebering_ecumenical_altar_abandoned, hangedman_abyss_or_decor_stabs
D:2:      layout_basic, uniq_robin, uniq_jessica
D:3:      kennysheep_the_goblin_king, layout_basic
D:4:      layout_basic, nicolae_shop_overcharged_wands, uniq_edmund
D:5:      layout_basic, nicolae_overflow_crystal_walls, uniq_grinder
D:6:      layout_rooms, nicolae_ru_great_annihilating_truth,
          grunt_qazlal_clouds, biasface_ghost_orc_armoury
D:7:      layout_layer_cave, minmay_temple_entry_stoned_glass,
          roderic_lattice_a, uniq_crazy_yiuf_cottage, uniq_maggie, uniq_jeremiah

Skill      XL: |  1  2  3  4  5  6  7  8 |
---------------+-------------------------+-----
Fighting       | 4 5 6 |  6.0
Axes           | 4 5 7 |  7.0
Armour         | 3 4 5 |  5.1
Dodging        | 3 |  3.6
Maces & Flails | 5 9 |  9.1
Staves         | 2 |  2.3
Stealth        | |  0.3

Action                     |  1- 3 |  4- 6 |  7- 9 || total
---------------------------+-------+-------+-------++-------
  Melee: Hand axe          |    48 |   151 |       ||   199
         Headbutt          |     8 |    25 |    12 ||    45
         Punch             |       |     3 |       ||     3
         Flail             |       |    17 |    75 ||    92
         Quarterstaff      |       |       |     5 ||     5
 Invoke: Berserk           |     1 |     2 |     2 ||     5
         Trog's Hand       |       |       |     2 ||     2
    Use: Potion            |       |     1 |       ||     1
   Stab: Paralysed         |       |       |     1 ||     1
 Armour: Leather armour    |    16 |    17 |       ||    33
         Chain mail        |       |    40 |    56 ||    96
  Dodge: Dodged            |    31 |    83 |    47 ||   161

Table legend: (Time is in decaauts)
 A = Elapsed time spent in this place.
 B = Non-inter-level travel time spent in this place.
 C = Inter-level travel time spent in this place.
 D = Time resting spent in this place.
 E = Time spent auto-exploring this place.
 F = Levels seen in this place.
 G = Mean time per level.
                   A        B        C        D        E       F      G
               +--------+--------+--------+--------+--------+-----+--------+
         Total |   4865 |   4767 |     98 |      0 |   3584 |   7 |  695.0 |
       Dungeon |   4865 |   4767 |     98 |      0 |   3584 |   7 |  695.0 |
               +--------+--------+--------+--------+--------+-----+--------+

Top non-repeatable levels by time:
     D:2: 982 daAuts
     D:3: 888 daAuts
     D:4: 751 daAuts
     D:6: 698 daAuts
     D:5: 648 daAuts
     D:1: 637 daAuts
     D:7: 257 daAuts
